 Dungeon Sprint DCSS version 0.25.1-2-g60ff931df9 (webtiles) character file.

Game seed: 18032620146144660626

286 MordorOrchid the Fighter (level 6, -2/88 HPs)
             Began as a Gnoll Wanderer on Oct 25, 2020.
             Was a Believer of Sif Muna.
             Slain by a vampire mosquito (10 damage)
             ... in the Dungeon (Sprint IX: "|||||||||||||||||||||||||||||").
             The game lasted 00:03:12 (197 turns).

MordorOrchid the Fighter (Gnoll Wanderer)            Turns: 197, Time: 00:03:12

Health: -2/88      AC: 16    Str: 11    XL:     6   Next: 30%
Magic:  8/12       EV: 15    Int: 20    God:    Sif Muna [**....]
Gold:   0          SH:  0    Dex: 17    Spells: 13/13 levels left

rFire    . . .     SeeInvis .   a - +2 morningstar (protect)
rCold    . . .     Gourm    .   (no shield)
rNeg     . . .     Faith    .   c - +0 ring mail
rPois    .         Spirit   .   t - +0 helmet
rElec    .         Reflect  .   (no cloak)
rCorr    .         Harm     .   s - +0 pair of gloves
MR       .....     NoTele   +   (no boots)
Stlth    ..........             (no amulet)
HPRegen  0.24/turn              w - +3 ring of dexterity
MPRegen  0.13/turn              v - +2 ring of evasion

@: berserking, protection aura, very slightly contaminated, very quick
A: distributed training, fangs 1, strong nose
a: Channel Magic, Renounce Religion


You were in the Dungeon.
You worshipped Sif Muna.
Sif Muna was pleased with you.
You were not hungry.

You visited 1 branch

Inventory:

Hand Weapons
 a - a +2 morningstar of protection (weapon)
 p - a +2 halberd of protection
 q - a +2 mace
 r - the +2 scimitar of Feer {drain, rElec Dex+4}
   (You found it in the Dungeon)

   A truly terrible weapon, it drains the life of those it strikes.
   It affects your dexterity (+4).
   It insulates you from electricity.
 y - a +2 rapier of venom
Armour
 c - a +0 ring mail (worn)
 s - a +0 pair of gloves (worn)
 t - a +0 helmet (worn)
 u - a +0 plate armour
Magical Staves
 o - an uncursed staff of energy
Jewellery
 v - a +2 ring of evasion (right hand)
 w - a +3 ring of dexterity (left hand)
Wands
 n - a wand of iceblast (10)
Scrolls
 i - 2 scrolls of blinking
 l - 3 scrolls of remove curse
 m - 2 scrolls of amnesia
Potions
 b - 5 potions of curing
 e - 3 potions of heal wounds
 f - a potion of haste
 g - 4 potions of magic
Comestibles
 d - a ration
 j - 2 chunks of flesh


   Skills:
 + Level 9.6 Fighting
 + Level 4.3 Short Blades
 + Level 4.3 Long Blades
 + Level 4.3 Axes
 + Level 5.1 Maces & Flails
 + Level 4.3 Polearms
 + Level 4.3 Staves
 + Level 4.3 Slings
 + Level 4.3 Bows
 + Level 4.3 Crossbows
 + Level 4.3 Throwing
 + Level 7.9 Armour
 + Level 4.3 Dodging
 + Level 4.3 Stealth
 + Level 5.1 Shields
 + Level 4.3 Unarmed Combat
 + Level 4.3 Spellcasting
 + Level 3.5 Conjurations
 + Level 3.5 Hexes
 + Level 3.5 Charms
 + Level 3.5 Summonings
 + Level 3.5 Necromancy
 + Level 3.5 Translocations
 + Level 3.5 Transmutations
 + Level 3.5 Fire Magic
 + Level 3.5 Ice Magic
 + Level 3.5 Air Magic
 + Level 3.5 Earth Magic
 + Level 3.5 Poison Magic
 + Level 4.7 Invocations
 + Level 5.1 Evocations


You had 13 spell levels left.
You didn't know any spells.
Your spell library was empty.

Dungeon Overview and Level Annotations

Branches:
Dungeon (1/1)

Altars:
Cheibriados
Dithmenos
Elyvilon
Fedhas
Gozag
Hepliaklqana
Kikubaaqudgha
Makhleb
Nemelex Xobeh
Okawaru
Qazlal
Ru
Sif Muna
Trog
Uskayaw
Vehumet
Wu Jian
Xom
Yredelemnul
Zin
The Shining One
Beogh
Jiyva
Lugonu


Innate Abilities, Weirdness & Mutations

Your experience applies equally to all skills.
You have very sharp teeth.
Your uncanny sense of smell can sniff out nearby items.


Message History

Your Fire Magic skill increases to level 3!
Your Ice Magic skill increases to level 3!
Your Air Magic skill increases to level 3!
Your Earth Magic skill increases to level 3!
Your Poison Magic skill increases to level 3!
Your Invocations skill increases to level 4!
Your Evocations skill increases to level 5!
You have reached level 5!
You have reached level 6!
Your experience leads to an increase in your attributes!
Your base attributes are Str 11, Int 19, Dex 14.
Increase (S)trength, (I)ntelligence, or (D)exterity?
You feel clever.
The vampire mosquito closely misses you.
You completely miss the vampire mosquito.
The vampire mosquito barely misses you.
You impale the vampire mosquito!!
The vampire mosquito is severely damaged.
The vampire mosquito bites you!
You die...

▓▓▓▓▓▓▓▓▓▓▓▓▓▓▓▓▓▓▓▓▓▓▓
+.Zhoy@'.....†'.....)..
▓▓▓▓▓▓▓▓▓▓▓▓▓▓▓▓▓▓▓▓▓▓▓
∆∆∆∆ ∆ ∆∆∆∆


You could see a vampire mosquito, a hound, an orc and an adder zombie.

Vanquished Creatures
  A hippogriff (D)
  A crimson imp (D)
  A jelly (D)
  An adder (D)
  A shadow imp (D)
  An adder zombie (D)
  An adder skeleton (D)
  A worm (D)
  2 leopard geckos (D)
  2 bat zombies (D)
  A quokka (D)
  3 kobolds (D)
  2 rats (D)
18 creatures vanquished.

Notes
Turn   | Place    | Note
-------+----------+-------------------------------------------
     0 | D        | MordorOrchid the Gnoll Wanderer began the quest for the
                  | Orb.
     0 | D        | MordorOrchid set off with the following items: a +2 mace, 2
                  | potions of curing, a +0 ring mail, a ration, a potion of
                  | heal wounds, a potion of haste, 2 potions of magic, a
                  | potion of berserk rage, a scroll of blinking
     0 | D        | Reached XP level 1. HP: 26/26 MP: 2/2
    21 | D        | Noticed a jelly
    22 | D        | Reached skill level 1 in Invocations
    36 | D        | Reached skill level 1 in Short Blades
    36 | D        | Reached skill level 1 in Long Blades
    36 | D        | Reached skill level 1 in Axes
    36 | D        | Reached skill level 1 in Polearms
    36 | D        | Reached skill level 1 in Staves
    36 | D        | Reached skill level 1 in Slings
    36 | D        | Reached skill level 1 in Bows
    36 | D        | Reached skill level 1 in Crossbows
    36 | D        | Reached skill level 1 in Throwing
    36 | D        | Reached skill level 1 in Dodging
    36 | D        | Reached skill level 1 in Stealth
    36 | D        | Reached skill level 1 in Unarmed Combat
    36 | D        | Reached skill level 1 in Spellcasting
    36 | D        | Reached skill level 1 in Conjurations
    36 | D        | Reached skill level 1 in Hexes
    36 | D        | Reached skill level 1 in Charms
    36 | D        | Reached skill level 1 in Summonings
    36 | D        | Reached skill level 1 in Necromancy
    36 | D        | Reached skill level 1 in Translocations
    36 | D        | Reached skill level 1 in Transmutations
    36 | D        | Reached skill level 1 in Fire Magic
    36 | D        | Reached skill level 1 in Ice Magic
    36 | D        | Reached skill level 1 in Air Magic
    36 | D        | Reached skill level 1 in Earth Magic
    36 | D        | Reached skill level 1 in Poison Magic
    36 | D        | Reached XP level 2. HP: 27/33 MP: 4/4
    51 | D        | Reached XP level 3. HP: 26/38 MP: 4/6
    67 | D        | Found a roughly hewn altar of Beogh.
    67 | D        | Found a snail-covered altar of Cheibriados.
    67 | D        | Found a shadowy altar of Dithmenos.
    67 | D        | Found a white marble altar of Elyvilon.
    67 | D        | Found a blossoming altar of Fedhas.
    67 | D        | Found an opulent altar of Gozag.
    68 | D        | Found a hazy altar of Hepliaklqana.
    69 | D        | Found a viscous altar of Jiyva.
    70 | D        | Found an ancient bone altar of Kikubaaqudgha.
    71 | D        | Found a corrupted altar of Lugonu.
    72 | D        | Found a burning altar of Makhleb.
    73 | D        | Found a sparkling altar of Nemelex Xobeh.
    74 | D        | Found an iron altar of Okawaru.
    75 | D        | Found a stormy altar of Qazlal.
    76 | D        | Found a sacrificial altar of Ru.
    77 | D        | Found a shimmering blue altar of Sif Muna.
    78 | D        | Found a bloodstained altar of Trog.
    79 | D        | Found a hide-covered altar of Uskayaw.
    80 | D        | Found a radiant altar of Vehumet.
    81 | D        | Found an ornate altar of the Wu Jian Council.
    82 | D        | Found a shimmering altar of Xom.
    83 | D        | Found a basalt altar of Yredelemnul.
    84 | D        | Found a glowing silver altar of Zin.
    85 | D        | Became a worshipper of Sif Muna the Loreminder
    86 | D        | Found a glowing golden altar of the Shining One.
   104 | D        | Got the +2 scimitar of Feer {drain, rElec Dex+4}
   168 | D        | Reached XP level 4. HP: 45/45 MP: 7/7
   171 | D        | Reached * piety under Sif Muna
   179 | D        | Reached skill level 9 in Fighting
   180 | D        | Reached ** piety under Sif Muna
   183 | D        | Noticed a vampire mosquito
   183 | D        | Noticed a hippogriff
   195 | D        | Killed a hippogriff
   195 | D        | Reached skill level 5 in Maces & Flails
   195 | D        | Reached skill level 5 in Shields
   195 | D        | Reached skill level 5 in Evocations
   195 | D        | Reached XP level 5. HP: 6/52 MP: 8/11
   195 | D        | Reached XP level 6. HP: 7/59 MP: 8/12
   197 | D        | Slain by a vampire mosquito

Illustrated notes

Levels and vault maps discovered:
D:        linesprint [early_d, line_temple, items_1, d_10, items_2, lair_1,
          lair_end, items_3, orc_1, orc_end, items_4, d_15, swamp_1, shoals_1,
          snake_1, spider_1, d_20, vaults_1, items_5, swamp_end, shoals_end,
          snake_end, spider_end, vaults_end, d_27, items_6, zot_1, zot_end,
          crypt_end, forest_end, elf_end, slime_end, tomb_end, abyss_end,
          pan_hell_end]

Skill      XL: |  1  2  3  4 |
---------------+-------------+-----
Invocations    | 1 2 4 |  4.7
Short Blades   | 1 2 4 |  4.3
Long Blades    | 1 2 4 |  4.3
Axes           | 1 2 4 |  4.3
Polearms       | 1 2 4 |  4.3
Staves         | 1 2 4 |  4.3
Slings         | 1 2 4 |  4.3
Bows           | 1 2 4 |  4.3
Crossbows      | 1 2 4 |  4.3
Throwing       | 1 2 4 |  4.3
Dodging        | 1 2 4 |  4.3
Stealth        | 1 2 4 |  4.3
Unarmed Combat | 1 2 4 |  4.3
Spellcasting   | 1 2 4 |  4.3
Conjurations   | 1 3 |  3.5
Hexes          | 1 3 |  3.5
Charms         | 1 3 |  3.5
Summonings     | 1 3 |  3.5
Necromancy     | 1 3 |  3.5
Translocations | 1 3 |  3.5
Transmutations | 1 3 |  3.5
Fire Magic     | 1 3 |  3.5
Ice Magic      | 1 3 |  3.5
Air Magic      | 1 3 |  3.5
Earth Magic    | 1 3 |  3.5
Poison Magic   | 1 3 |  3.5
Maces & Flails | 3 5 |  5.1
Shields        | 3 5 |  5.1
Evocations     | 3 5 |  5.1
Armour         | 7 |  7.9
Fighting       | 9 |  9.6

Action                   |  1- 3 |  4- 6 || total
-------------------------+-------+-------++-------
Melee: Mace              |    39 |       ||    39
       Bite              |     3 |     1 ||     4
       Rapier            |     4 |    14 ||    18
       Morningstar       |       |     5 ||     5
  Use: Potion            |     2 |     1 ||     3
 Stab: Sleeping          |     2 |       ||     2
       Invisible         |       |     2 ||     2
Armor: Ring mail         |     9 |     7 ||    16
Dodge: Dodged            |    27 |    22 ||    49
